 Dungeon Crawl Stone Soup version 0.32-a0-17-gb74e046682 (webtiles) character file.

Game seed: 1187826612132572481

2828 bobarctor the Grave Robber (level 9, -8/57 HPs)
             Began as a Demonspawn Necromancer on Jan 16, 2024.
             Mangled by an orc knight
             ... wielding a +0 glaive
              (22 damage)
             ... in a bailey.
             The game lasted 00:50:16 (5878 turns).

bobarctor the Grave Robber (Demonspawn Necromancer) Turns: 5878, Time: 00:50:17

Health: -8/57      AC: 10    Str: 14    XL:     9   Next: 45%
Magic:  0/17       EV: 13    Int: 23    God:
Gold:   253        SH:  0    Dex: 17    Spells: 6/19 levels left

rFire   + . .        n - +6 dagger "Imema" {drain, *Rage Int+4}
rCold   . . .        (no shield)
rNeg    . . .        E - +3 leather armour {rF+}
rPois   +            z - +1 helmet {SInv}
rElec   .            r - +1 cloak
rCorr   .            (no gloves)
SInv    +            (no boots)
Will    .....        (no amulet)
Stlth   ++++         h - ring of poison resistance
HPRegen 0.29/turn    i - +6 ring of strength
MPRegen 0.30/turn

%: random rage (20%), guardian spirit
@: on berserk cooldown
A: thin skeletal structure 1, spiny 1, magic shield, magic regeneration, magic
link
a: no special abilities


You were in a bailey.
You visited 1 branch of the dungeon, and saw 8 of its levels.
You also visited: Bailey.

You collected 319 gold pieces.
You spent 66 gold pieces at shops.

Inventory:

Hand Weapons
 n - the +6 dagger "Imema" (weapon) {drain, *Rage Int+4}
   (You took it off a kobold on level 2 of the Dungeon)

   Int+4:     It affects your intelligence (+4).
   *Rage:     It berserks you when you make melee attacks (+20% chance).
 q - a +4 quarterstaff of chaos
Missiles
 a - 5 boomerangs
 c - 12 poisoned darts
 e - 42 stones
 p - 6 datura-tipped darts
Armour
 r - a +1 cloak (worn)
 w - +0 steam dragon scales
 z - a +1 helmet of see invisible (worn)
 B - a +2 robe
 E - a +3 leather armour of fire resistance (worn)
Jewellery
 h - a ring of poison resistance (left hand)
 i - a +6 ring of strength (right hand)
 m - a ring of positive energy
 y - a +6 ring of strength
Wands
 D - a wand of digging (5)
 H - a wand of roots (13)
 K - a wand of quicksilver (11)
Scrolls
 f - 5 scrolls of identify
 j - 2 scrolls of fog
 o - 3 scrolls of immolation
 t - a scroll of vulnerability
 G - a scroll of torment
 I - a scroll of teleportation
Potions
 b - a potion of magic
 d - 3 potions of invisibility {unknown}
 g - 2 potions of resistance {unknown}
 k - a potion of berserk rage {unknown}
 l - 2 potions of curing {unknown}
 s - 2 potions of attraction {unknown}
 u - a potion of might {unknown}
 v - 2 potions of enlightenment {unknown}
 x - 2 potions of heal wounds {unknown}
 A - 3 potions of brilliance
 C - a potion of degeneration {unknown}
 F - 2 potions of lignification {unknown}
 J - a potion of haste {unknown}
 L - a potion of mutation {unknown}


   Skills:
 + Level 4.3 Dodging
 + Level 4.6 Stealth
 * Level 5.8 Spellcasting
 + Level 4.2 Conjurations
 + Level 6.5 Necromancy
 - Level 3.0 Translocations
 * Level 4.0 Air Magic
 * Level 4.3 Alchemy


You had 6 spell levels left.
You knew the following spells:

 Your Spells              Type           Power      Damage    Failure   Level
a - Necrotise             Necr           100%       1d9       1%          1
b - Vampiric Draining     Necr           36%        2d8       2%          3
c - Teleport Other        Tloc           20%        N/A       10%         3
d - Blink                 Tloc           40%        N/A       4%          2
e - Magic Dart            Conj           100%       1d8       1%          1
f - Mephitic Cloud        Conj/Alch/Air  26%        N/A       6%          3

Your spell library contained the following spells:

 Spells                   Type           Power      Damage    Failure   Level
 Mercury Vapours          Alch/Air       52%        N/A       3%          2
 Lesser Beckoning         Tloc           40%        N/A       4%          2
 Animate Dead             Necr           36%        N/A       8%          4
 Gell's Gravitas          Tloc           20%        N/A       10%         3
 Call Imp                 Summ           12%        N/A       17%         2
 Curse of Agony           Necr           36%        N/A       22%         5
 Freezing Cloud           Conj/Ice/Air   9%         6-21      69%         5


Dungeon Overview and Level Annotations

Branches:
Dungeon (8/15)             Bailey (1/1)
 Temple: D:4-7         Lair: D:8-11

Altars:
Fedhas
Gozag
Okawaru
Qazlal

Shops:
D:2 [   D:3 :   D:5 :

Annotations:
D:7 Maggie


Innate Abilities, Weirdness & Mutations

You have a somewhat thin skeletal structure. (Dex +2, Stealth+)
You are partially covered in sharp spines.
When hurt, damage is shared between your health and your magic reserves.
You regenerate magic rapidly.
When low on magic, you restore magic in place of health.


Message History

The orc knight seems less confused.
The orc knight roars a battlecry!
Casting: Mephitic Cloud (dangerous; 6% risk of failure)
Confirm with . or Enter, or press ? or * to list all spells.
Aiming: Mephitic Cloud (dangerous; 6% risk of failure)
Press: ? - help, Shift-Dir - straight line, f - orc knight
Aim: an orc knight, wielding a +0 glaive and wearing a +0 chain mail (moderately wounded, lightly drained, chance to affect: 62%)
The ball explodes into a vile cloud!
The stinking cloud engulfs the orc knight.
The orc knight is moderately wounded.
The orc knight is engulfed in noxious fumes.
Casting: Mephitic Cloud (dangerous; 6% risk of failure)
Confirm with . or Enter, or press ? or * to list all spells.
Aiming: Mephitic Cloud (dangerous; 6% risk of failure)
Press: ? - help, Shift-Dir - straight line, f/p - orc knight
Aim: an orc knight, wielding a +0 glaive and wearing a +0 chain mail (moderately wounded, lightly drained, chance to affect: 62%)
The ball explodes into a vile cloud!
The stinking cloud engulfs the orc knight.
The orc knight is moderately wounded.
The orc knight is engulfed in noxious fumes.
The orc knight appears confused.
An orc comes into view. It is wielding a +0 halberd.
The orc knight is engulfed in noxious fumes.
You hit the orc knight but do no damage.
The orc knight is moderately wounded.
The orc knight is engulfed in noxious fumes.
The orc knight is struck by your spines.
The orc knight misses you.
Unknown command.
You completely miss the orc knight.
The orc knight is moderately wounded.
You feel yourself speed up.
The orc knight is engulfed in noxious fumes.
The orc knight appears confused.
The orc knight hits you with a +0 glaive!!
* * * LOW HITPOINT WARNING * * *
You hit the orc knight.
The orc knight is heavily wounded.
The orc knight hits you with a +0 glaive!!
You die...

#...≈≈≈≈≈♣..###
##.♣..≈≈≈≈♣..# .####
###.....≈≈≈≈...# .o..
♣♣♣....♣..≈≈≈≈.♣.##...
♣♣.........≈≈≈≈....#oo#
♣.........######...#.8#
♣..∩...............#..#
♣.......o°○§§....))'..#
♣.......@§○§○o)....'..#
♣..∩.....○☼§§......#..#
♣.........######...#.8#
♣♣......♣..≈≈≈≈....#..#
♣♣♣...♣♣..≈≈≈≈...##...
###.....≈≈≈≈...# ....
## #..≈≈≈≈≈..# .####
#...≈≈≈≈..####
#♣..≈≈≈≈≈..♣


You could see an orc knight (confused, drained) and an orc (strong).

Vanquished Creatures
  A wyvern (D:7)
  Eustachio (D:5)
  2 steam dragons
  A water moccasin (D:6)
  6 orc warriors (Bailey)
  2 sky beasts
  2 ice beasts (D:5)
  A black bear (D:5)
  An ogre (D:5)
  4 phantoms
  A kobold brigand (D:6)
  3 scorpions
  2 hounds
  2 jellies
  Crazy Yiuf (D:2)
  An orc priest (D:4)
  A sleepcap (D:5)
  5 orc wizards
  5 adders
  A shadow imp (D:4)
  A white imp (D:7)
  2 dart slugs
  2 ribbon worms
  19 orcs
  8 endoplasms
  2 giant cockroaches (D:3)
  6 goblins
  7 hobgoblins
  16 jackals
  5 quokkas
  7 ball pythons
  6 bats
  4 frilled lizards
  9 kobolds
  7 rats
144 creatures vanquished.

Vanquished Creatures (collateral kills)
  A ball python (D:2)
  A bat (D:1)
  2 frilled lizards
  2 rats
6 creatures vanquished.

Grand Total: 150 creatures vanquished

Notes
Turn   | Place    | Note
-------+----------+-------------------------------------------
     0 | D:1      | bobarctor the Demonspawn Necromancer began the quest for
                  | the Orb.
     0 | D:1      | Reached XP level 1. HP: 13/13 MP: 3/3
   243 | D:1      | Gained mutation: You regenerate magic rapidly. [demonic
                  | ancestry]
   243 | D:1      | Reached XP level 2. HP: 19/19 MP: 3/5
   709 | D:1      | Gained mutation: You are partially covered in sharp spines.
                  | [demonic ancestry]
   709 | D:1      | Reached XP level 3. HP: 22/24 MP: 2/6
   844 | D:1      | Learned a level 3 spell: Vampiric Draining
   852 | D:1      | Learned a level 3 spell: Teleport Other
  1269 | D:2      | Found Fyfuptaxt's Antique Armour Boutique.
  1284 | D:2      | Identified the +6 dagger "Imema" {drain, *Rage Int+4}
  1292 | D:2      | Gained mutation: When hurt, damage is shared between your
                  | health and your magic reserves. [demonic ancestry]
  1292 | D:2      | Reached XP level 4. HP: 29/30 MP: 4/8
  1334 | D:2      | Found a runed translucent door.
  1335 | D:2      | Noticed Crazy Yiuf
  1344 | D:2      | Killed Crazy Yiuf
  1345 | D:2      | Reached skill level 1 in Translocations
  1819 | D:3      | Found a faded altar of an unknown god.
  1882 | D:3      | Found Kyizit's Book Shop.
  1920 | D:3      | Learned a level 2 spell: Blink
  1954 | D:3      | Gained mutation: You have a somewhat thin skeletal
                  | structure. (Dex +2, Stealth+) [demonic ancestry]
  1954 | D:3      | Reached XP level 5. HP: 26/35 MP: 5/9
  2015 | D:3      | Learned a level 1 spell: Magic Dart
  2476 | D:3      | Found an opulent altar of Gozag.
  2866 | D:2      | Bought an embroidered robe for 66 gold pieces
  2986 | D:4      | Reached skill level 5 in Necromancy
  3320 | D:4      | Reached skill level 1 in Conjurations
  3320 | D:4      | Reached XP level 6. HP: 41/41 MP: 5/11
  3417 | D:4      | Found a stormy altar of Qazlal.
  3417 | D:4      | Noticed a sky beast
  3429 | D:4      | Killed a sky beast
  3802 | D:5      | Entered Level 5 of the Dungeon
  3810 | D:5      | Noticed an ice beast
  3858 | D:5      | Killed an ice beast
  3859 | D:5      | Reached XP level 7. HP: 31/46 MP: 9/13
  3916 | D:5      | Learned a level 3 spell: Mephitic Cloud
  4135 | D:5      | Reached skill level 1 in Air Magic
  4135 | D:5      | Reached skill level 1 in Alchemy
  4244 | D:5      | Noticed Eustachio
  4252 | D:5      | Killed Eustachio
  4253 | D:5      | Gained mutation: When low on magic, you restore magic in
                  | place of health. [demonic ancestry]
  4253 | D:5      | Reached XP level 8. HP: 50/52 MP: 10/14
  4452 | D:5      | Found Vunim's Book Emporium.
  5105 | D:6      | You fall into a shaft and drop 2 floors!
  5194 | D:7      | Found a blossoming altar of Fedhas.
  5194 | D:7      | Found an iron altar of Okawaru.
  5290 | D:7      | Reached skill level 5 in Spellcasting
  5296 | D:7      | Reached skill level 6 in Necromancy
  5478 | D:6      | Found Tas Di Buu's Armour Shoppe.
  5483 | D:6      | Reached XP level 9. HP: 57/57 MP: 15/17
  5655 | D:7      | Noticed Maggie
  5699 | D:7      | Found a flagged portal.
  5704 | Bailey   | Entered a bailey
  5849 | Bailey   | Noticed an orc knight
  5878 | Bailey   | Mangled by an orc knight

Illustrated notes

Levels and vault maps discovered:
D:1:      lemuel_arrival_hallway, layout_loops_ring, minmay_tromino_v4_a
D:2:      layout_rooms, serial_shops, shop, moated_statue,
          uniq_crazy_yiuf_cottage
D:3:      layout_loops_ring, nicolae_gozag_cash_rules_everything_around_me,
          shapermc_ecumenical_altar_pompeii, serial_shops, nicolae_shop_crystal,
          chequers_serial_rivers_room_a
D:4:      layout_basic, nicolae_qazlal_beasts_of_the_sky
D:5:      layout_loops_corners, serial_shops, shop, kennysheep_generic_room_13,
          uniq_eustachio
D:6:      layout_basic, minmay_temple_entry_hall, serial_shops, shop, hex_tiny
D:7:      nicolae_cairo_tiling_very_big, layout_gridville,
          chequers_temple_overflow_statue_of_worship, enter_bailey_4,
          uniq_maggie
D:8:      layout_basic, old_standard_altar, trog_hazing_becter,
          kiku_gazebo_pond_becter, mainiacjoe_overflow_alcove_4
Bailey:   bailey_polearm_elven_captive_hellmonk, bailey

Skill      XL: |  1  2  3  4  5  6  7  8  9 |
---------------+----------------------------+-----
Stealth        | 2 3 4 |  4.6
Dodging        | 2 3 4 |  4.3
Spellcasting   | 3 4 5 |  5.8
Translocations | 1 2 3 |  3.0
Necromancy     | 5 6 |  6.5
Conjurations   | 1 2 3 4 |  4.2
Air Magic      | 1 3 4 |  4.0
Alchemy        | 1 3 4 |  4.3

Action                     |  1- 3 |  4- 6 |  7- 9 || total
---------------------------+-------+-------+-------++-------
  Melee: Dagger            |     6 |    24 |   100 ||   130
   Cast: Necrotise         |    70 |    81 |    48 ||   199
         Magic Dart        |       |    24 |    16 ||    40
         Mephitic Cloud    |       |       |    16 ||    16
    Use: Scroll            |       |       |    10 ||    10
   Stab: Confused          |       |       |     6 ||     6
         Sleeping          |       |       |     1 ||     1
 Armour: Robe              |    10 |    18 |    15 ||    43
         Leather armour    |       |       |    55 ||    55
  Dodge: Dodged            |    12 |    19 |    66 ||    97

Table legend: (Time is in decaauts)
 A = Elapsed time spent in this place.
 B = Non-inter-level travel time spent in this place.
 C = Inter-level travel time spent in this place.
 D = Time resting spent in this place.
 E = Time spent auto-exploring this place.
 F = Levels seen in this place.
 G = Mean time per level.
                   A        B        C        D        E       F      G
               +--------+--------+--------+--------+--------+-----+--------+
         Total |   5993 |   5647 |    346 |    895 |   3330 |   9 |  665.9 |
       Dungeon |   5807 |   5461 |    346 |    861 |   3316 |   8 |  725.9 |
        Bailey |    185 |    185 |      0 |     34 |     14 |   1 |  185.0 |
               +--------+--------+--------+--------+--------+-----+--------+

Top non-repeatable levels by time:
     D:5: 1213 daAuts
     D:3: 1101 daAuts
     D:1: 1090 daAuts
     D:4: 915 daAuts
     D:2: 755 daAuts
     D:7: 371 daAuts
     D:6: 262 daAuts
  Bailey: 185 daAuts
     D:8: 97 daAuts
